 Dungeon Crawl Stone Soup version 0.31-a0-986-g5e6e4ef867 (webtiles) character file.

Game seed: 6562699174600009901

772 wildpjah the Slasher (level 7, -3/44 HPs)
             Began as a Tengu Berserker on Nov 20, 2023.
             Was a Priest of Trog.
             Slain by an orc warrior
             ... wielding a +0 mace
              (13 damage)
             ... on level 5 of the Dungeon.
             The game lasted 00:04:22 (2784 turns).

wildpjah the Slasher (Tengu Berserker)              Turns: 2784, Time: 00:04:25

Health: -3/44      AC:  3    Str: 17    XL:     7   Next: 83%
Magic:  8/8        EV: 15    Int:  8    God:    Trog [***...]
Gold:   114        SH:  8    Dex: 15    Spells: 6/6 levels left

rFire   . . .        i - +3 long sword (vamp)
rCold   . . .        d - +0 kite shield
rNeg    . . .        r - +0 leather armour
rPois   .            (helmet restricted)
rElec   .            (no cloak)
rCorr   .            (no gloves)
SInv    .            (boots unavailable)
Will    ++...        (no amulet)
Stlth   ++           (no ring)
HPRegen 1.27/turn    (no ring)
MPRegen 0.11/turn

%: acrobat
@: strong-willed, on berserk cooldown, flying, regenerating, slowed, very slow
A: beak, talons 3, evasive flight, acrobatic
a: Renounce Religion, Berserk, Trog's Hand


You were on level 5 of the Dungeon.
You worshipped Trog.
Trog was most pleased with you.
You visited 1 branch of the dungeon, and saw 5 of its levels.

You collected 114 gold pieces.

Inventory:

Hand Weapons
 a - a +0 falchion
 h - a +1 short sword of electrocution
 i - a +3 vampiric long sword (weapon)
Armour
 d - a +0 kite shield (worn)
 r - a +0 leather armour (worn)
Wands
 b - a wand of flame (20)
 s - a wand of iceblast (5)
Scrolls
 e - 2 scrolls of enchant armour {unknown}
 f - a scroll of brand weapon {unknown}
 g - 5 scrolls of identify {unknown}
 j - 2 scrolls of amnesia {unknown}
 k - a scroll of teleportation {unknown}
 l - a scroll of butterflies {unknown}
 m - 2 scrolls of fear {unknown}
 n - a scroll of poison {unknown}
 o - a scroll of vulnerability {unknown}
 p - a scroll of fog {unknown}
 u - a scroll of noise {unknown}
Potions
 c - 4 potions of curing {unknown}
 q - a potion of resistance {unknown}
 t - a potion of lignification {unknown}


   Skills:
 + Level 4.6 Fighting
 + Level 0.4(4.2) Short Blades
 + Level 6.9 Long Blades
 + Level 2.8 Armour
 + Level 3.8 Dodging
 + Level 2.9 Stealth
 + Level 2.2 Shields


You had 6 spell levels left.
You didn't know any spells.
Your spell library was empty.

Dungeon Overview and Level Annotations

Branches:
Dungeon (5/15)
 Temple: D:4-7

Altars:
Uskayaw
The Shining One

Annotations:
D:5 2 runed translucent doors


Innate Abilities, Weirdness & Mutations

You have a beak for a mouth.
You have claws for feet.
Your magical flight helps you evade attacks. (EV +4)
You can magically evade attacks while moving or waiting.


Message History

An ufetubus comes into view.
The orc wizard hits you but does no damage.
The ufetubus shouts!
You hit the orc wizard. You claw the orc wizard.
You kill the orc wizard!
Trog accepts your kill.
Trog appreciates your killing of a magic user.
You hear a shout!
An orc warrior comes into view. It is wielding a +0 mace.
You block the ufetubus's attack. The ufetubus closely misses you.
You block the ufetubus's attack. The ufetubus hits you.
You closely miss the ufetubus. Your kick misses the ufetubus.
Your peck misses the ufetubus. The ufetubus hits you. The ufetubus misses you.
You block the ufetubus's attack. x2; The ufetubus closely misses you.
The ufetubus hits you.
You closely miss the orc warrior. The ufetubus barely misses you.
The ufetubus hits you but does no damage.
The orc warrior barely misses you. The ufetubus hits you. x2
A dart slug comes into view.
The orc warrior hits you but does no damage.
You block the ufetubus's attack. The ufetubus hits you.
You hit the orc warrior.
You feel better.
You claw the orc warrior, but do no damage.
The orc warrior is lightly wounded.
The ufetubus misses you. The ufetubus barely misses you.
The orc warrior barely misses you. The ufetubus hits you.
You block the ufetubus's attack.
The orc warrior hits you with a +0 mace!
You slash the ufetubus!
You kill the ufetubus!
Trog accepts your kill. The orc warrior barely misses you.
The orc warrior hits you with a +0 mace!
* * * LOW HITPOINT WARNING * * *
Activating: Trog's Hand (0% risk of failure)
Press: ? - help, Q - select action, (/) - cycle Dir - look around, f - activate Your skin crawls.
You feel strong-willed.
The orc warrior hits you with a +0 mace!
You die...

=?8##.....
...8#....
..+... .#
J+..# ..#
#..# #.#
##..####.# #
#.....##.# .#
#'###..#.# .#
#..@##.#.##.#
##)#o#.)....#
#†##w#...<..#
##.#.#.#..#.#
###.#.#.|# #
##.#..#
####..#..# #
.........#.#
.#........#


You could see an orc warrior and a dart slug.

Vanquished Creatures
  Sigmund (D:3)
  An ogre (D:5)
  The ghost of XomNomNom the Sneak, a weakling TrDe (D:4)
  A howler monkey (D:5)
  3 orc priests
  A hound (D:5)
  A sleepcap (D:4)
  Jessica (D:3)
  4 iguanas
  An orc wizard (D:5)
  7 adders
  An ufetubus (D:5)
  A worm (D:2)
  A dart slug (D:3)
  4 orcs
  6 ball pythons
  7 bats
  8 endoplasms
  A giant cockroach (D:2)
  4 goblins
  3 hobgoblins
  6 jackals
  2 quokkas
  4 frilled lizards
  10 kobolds
  7 rats
87 creatures vanquished.

Notes
Turn   | Place    | Note
-------+----------+-------------------------------------------
     0 | D:1      | wildpjah the Tengu Berserker began the quest for the Orb.
     0 | D:1      | Reached XP level 1. HP: 14/14 MP: 2/2
   142 | D:1      | Reached XP level 2. HP: 19/19 MP: 3/3
   366 | D:1      | Reached XP level 3. HP: 23/23 MP: 4/4
   394 | D:1      | You fall into a shaft and drop 1 floor!
   411 | D:2      | Reached ** piety under Trog
   809 | D:2      | Reached skill level 4 in Long Blades
  1288 | D:2      | Reached XP level 4. HP: 28/28 MP: 5/5
  1324 | D:2      | Found a faded altar of an unknown god.
  1421 | D:3      | Noticed Sigmund
  1432 | D:3      | Killed Sigmund
  1433 | D:3      | Reached skill level 5 in Long Blades
  1433 | D:3      | Reached skill level 1 in Stealth
  1433 | D:3      | Reached skill level 1 in Shields
  1433 | D:3      | Reached XP level 5. HP: 27/33 MP: 6/6
  1444 | D:3      | Reached XP level 6. HP: 18/38 MP: 7/7
  1458 | D:3      | Noticed Jessica
  1464 | D:3      | Killed Jessica
  1844 | D:3      | Found a hide-covered altar of Uskayaw.
  2203 | D:4      | Found a glowing golden altar of the Shining One.
  2439 | D:4      | Reached *** piety under Trog
  2440 | D:4      | Reached skill level 6 in Long Blades
  2440 | D:4      | Gained mutation: Your magical flight helps you evade
                  | attacks. (EV +4) [Tengu growth]
  2440 | D:4      | Reached XP level 7. HP: 43/43 MP: 8/8
  2447 | D:4      | Found a runed translucent door.
  2459 | D:4      | Noticed XomNomNom's ghost (weakling TrDe)
  2470 | D:4      | Killed XomNomNom's ghost
  2711 | D:5      | Entered Level 5 of the Dungeon
  2745 | D:5      | Found a large runed translucent door.
  2746 | D:5      | Found a large runed translucent door.
  2784 | D:5      | Slain by an orc warrior

Illustrated notes

Levels and vault maps discovered:
D:1:      mrwooster_arrival_arrow, layout_loops_ring, minivault_5,
          lemuel_flame_loot_1
D:2:      layout_basic, dilly_ecumenical_altar_fadedgnrine
D:3:      layout_basic, marbit_many_paths, minmay_cupped, uniq_jessica,
          uniq_sigmund
D:4:      layout_gridville, tso_altar, ebering_ghost_sewer_d
D:5:      minmay_polygon_palace, layout_loops_ring,
          mainiacjoe_overflow_small_starburst, nemelex_dance_club_becter,
          minmay_hollow_rounded_squares

Skill      XL: |  1  2  3  4  5  6  7 |
---------------+----------------------+-----
Long Blades    | 4 5 6 |  6.9
Dodging        | 3 |  3.8
Stealth        | 1 2 |  2.9
Shields        | 1 2 |  2.2
Fighting       | 4 |  4.6
Short Blades   | |  0.4
Armour         | |  2.8

Action                     |  1- 3 |  4- 6 |  7- 9 || total
---------------------------+-------+-------+-------++-------
  Melee: Falchion          |    49 |       |       ||    49
         Kick              |    15 |     9 |    13 ||    37
         Peck              |     6 |     8 |     9 ||    23
         Long sword        |    32 |    68 |    39 ||   139
         Short sword       |     3 |       |       ||     3
 Invoke: Berserk           |       |     2 |     2 ||     4
         Trog's Hand       |       |       |     1 ||     1
   Stab: Sleeping          |     2 |     5 |     1 ||     8
         Distracted        |       |       |     1 ||     1
 Armour: Animal skin       |    29 |    17 |       ||    46
         Leather armour    |       |     8 |    19 ||    27
  Dodge: Dodged            |    52 |    48 |    31 ||   131
  Block: Kite shield       |    27 |    39 |    18 ||    84

Table legend: (Time is in decaauts)
 A = Elapsed time spent in this place.
 B = Non-inter-level travel time spent in this place.
 C = Inter-level travel time spent in this place.
 D = Time resting spent in this place.
 E = Time spent auto-exploring this place.
 F = Levels seen in this place.
 G = Mean time per level.
                   A        B        C        D        E       F      G
               +--------+--------+--------+--------+--------+-----+--------+
         Total |   2861 |   2764 |     97 |      0 |   2118 |   5 |  572.2 |
       Dungeon |   2861 |   2764 |     97 |      0 |   2118 |   5 |  572.2 |
               +--------+--------+--------+--------+--------+-----+--------+

Top non-repeatable levels by time:
     D:2: 973 daAuts
     D:3: 723 daAuts
     D:4: 675 daAuts
     D:1: 404 daAuts
     D:5: 84 daAuts
